Map: Eastwatch LE

Players

Scarlett

  • Race: Zerg Zerg
  • League: Master
  • Spawn Location: 1:00

Ragnarok (SHIN) - Winner!

  • Race: Zerg Zerg
  • League: Grandmaster
  • Spawn Location: 7:00

Event: Memes & Dreams Invitational

VOD

Have the link to the VOD?

Description

Time

  • Played on: April 13, 2018, 4:25 a.m.
  • Length: 3:31

All games in this series

Show
View Real Time Build Order
Export as new Build Order

Scarlett Zerg 

Build Orders: Hatch First 

Get SALT Encoding   

  12  0:00  Drone  
  13  0:12  Overlord  
  13  0:17  Drone  
  14  0:31  Drone x2  
  14  0:35  Drone  
  17  0:51  Hatchery  
  17  0:54  Drone  
  17  0:57  Drone  
  18  1:08  Extractor  
  17  1:12  Spawning Pool  
  17  1:15  Drone  
  17  1:18  Drone  
  18  1:28  Drone  
  19  1:38  Drone  
  20  1:49  Overlord  
  20  1:59  Queen  
  22  2:03  Zergling x2, Queen  
  22  2:04  Drone  
  22  2:08  Metabolic Boost  
  26  2:11  Drone  
  26  2:14  Drone  
  28  2:24  Zergling x2  
  29  2:31  Zergling x2  
  29  2:34  Queen  
  32  2:42  Zergling x2  
  32  2:43  Zergling x2  
  34  2:44  Zergling x2  
  27  2:56  Zergling x2  
  27  2:57  Zergling x4  
  26  3:08  Zergling x4  
Show
View Real Time Build Order
Export as new Build Order

Ragnarok Zerg - Winner!

Build Orders: Pool First 

Get SALT Encoding   

  12  0:00  Drone  
  13  0:14  Extractor  
  12  0:24  Spawning Pool  
  12  0:28  Drone  
  12  0:32  Drone  
  13  0:38  Drone  
  14  0:49  Overlord  
  14  1:11  Zergling x2, Queen  
  14  1:16  Metabolic Boost  
  17  1:21  Zergling x2  
  19  1:25  Zergling x2  
  19  1:29  Zergling x2  
  20  1:34  Zergling x2  
  21  1:45  Overlord  
  21  1:58  Zergling x2  
  22  2:05  Zergling x2  
  23  2:16  Zergling x2  
  23  2:20  Zergling x6  
  27  2:29  Hatchery  
  26  2:33  Zergling x2  
  26  2:44  Zergling x2  
  26  2:50  Zergling x6  
  29  3:01  Baneling Nest  
  29  3:03  Zergling x2  
  29  3:07  Zergling x2  
  27  3:15  Drone  
Tags
 
Add a new tag
Caveats
  • Supply blocks, unpowered buildings, or Contaminate may cause inaccurate times.
  • Supply counts are checked every 10 seconds.